Map: Eternal Empire LE

Players

INnoVation - Winner!

  • Race: Terran Terran
  • Spawn Location: 1:00

Serral

  • Race: Zerg Zerg
  • Spawn Location: 7:00

VOD

Have the link to the VOD?

Description

Time

  • Played on: April 7, 2020, 5:21 a.m.
  • Length: 10:45
Show
View Real Time Build Order
Export as new Build Order

INnoVation Terran - Winner!

Build Orders: 2 Factory, Hellion Opening, Reaper Expand, Mech 

Get SALT Encoding   

  12  0:00  SCV  
  13  0:12  SCV  
  14  0:17  Supply Depot  
  14  0:24  SCV  
  15  0:38  SCV  
  15  0:40  Barracks  
  16  0:44  Refinery  
  16  0:50  SCV  
  17  1:03  SCV  
  18  1:15  SCV  
  19  1:27  Reaper, Orbital Command  
  20  1:40  Command Center  
  20  1:51  Supply Depot  
  20  1:52  SCV  
  21  1:58  Marine  
  22  2:04  SCV  
  22  2:08  Factory  
  23  2:13  Refinery  
  23  2:16  SCV  
  23  2:21  Barracks Reactor  
  24  2:29  SCV  
  25  2:41  SCV  
  26  2:49  Factory  
  26  2:53  SCV, Orbital Command  
  27  3:01  Hellion  
  27  3:03  Hellion  
  27  3:05  SCV  
  32  3:08  Starport  
  32  3:13  Barracks Tech Lab  
  32  3:17  SCV  
  32  3:19  SCV  
  34  3:25  Hellion x2  
  38  3:29  Supply Depot  
  38  3:32  Factory Tech Lab  
  38  3:35  Marine  
  39  3:45  Viking  
  41  3:49  Hellion x2  
  41  3:51  Infernal Pre-Igniter  
  41  3:54  Hellion  
  47  4:00  Supply Depot  
  47  4:01  Marine  
  48  4:04  SCV  
  49  4:12  Armory  
  49  4:13  Hellion  
  49  4:16  Hellion  
  53  4:25  Hellion  
  53  4:26  Medivac  
  53  4:27  Supply Depot  
  57  4:31  SCV  
  57  4:37  Hellion  
  60  4:39  Hellion  
  62  4:49  Hellion  
  62  4:50  Supply Depot  
  64  4:53  SCV x2  
  64  4:56  Medivac  
  68  5:03  Hellion  
  70  5:11  Hellion x2  
  71  5:14  SCV x2  
  69  5:24  Hellion  
  69  5:26  SCV  
  69  5:27  SCV  
  70  5:33  Hellion x2  
  72  5:39  SCV x2  
  76  5:51  SCV x2, Liberator  
  76  5:54  Hellion  
  73  6:03  SCV x2  
  69  6:14  Siege Tank  
  69  6:16  Command Center  
  69  6:19  Factory  
  69  6:21  Factory  
  69  6:22  SCV  
  69  6:25  Refinery x2  
  69  6:26  SCV  
  69  6:28  Supply Depot  
  69  6:30  Supply Depot  
  69  6:33  Terran Vehicle Weapons Level 1, Supply Depot  
  69  6:34  SCV  
  69  6:39  SCV  
  69  6:46  SCV  
  69  6:50  Supply Depot  
  69  6:51  SCV  
  69  6:54  Siege Tank  
  69  6:59  Supply Depot  
  69  7:01  SCV  
  69  7:06  Factory Reactor  
  69  7:10  Factory Reactor  
  69  7:12  Factory  
  69  7:16  SCV, Hellion x2  
  69  7:17  SCV  
  69  7:23  Factory  
  69  7:28  SCV  
  69  7:29  Siege Tank  
  69  7:31  Supply Depot  
  69  7:34  Orbital Command  
  69  7:37  Hellion x2  
  69  7:48  Hellion x2  
  69  7:49  Refinery  
  69  7:52  Refinery  
  69  7:53  SCV x2  
  69  7:57  Orbital Command, Barracks Tech Lab, Factory Tech Lab  
  69  8:04  Hellion x2, Siege Tank  
  69  8:09  Hellion x2  
  69  8:17  SCV  
  69  8:18  SCV  
  69  8:24  SCV  
  69  8:28  Siege Tank x2  
  69  8:29  SCV, Hellion x2  
  69  8:36  SCV x2  
  69  8:39  Supply Depot  
  69  8:40  Hellion x2, Siege Tank, Supply Depot  
  69  8:41  Supply Depot  
  69  8:42  SCV  
  69  8:50  Hellion  
  69  8:51  Hellion  
  69  8:58  Supply Depot  
  69  9:00  Supply Depot  
  69  9:01  SCV x2  
  69  9:03  Siege Tank x2  
  69  9:04  Hellion x2  
  69  9:12  Supply Depot  
  69  9:13  SCV x2, Supply Depot  
  69  9:17  Siege Tank  
  69  9:18  Hellion x2  
  69  9:26  Hellion x2  
  69  9:35  Siege Tank x2  
  69  9:38  Supply Depot x2  
  69  9:43  Hellion x2  
  69  10:03  Siege Tank  
  69  10:04  Hellion x4  
  69  10:07  Siege Tank  
  69  10:08  Hellion  
  69  10:20  Supply Depot x2  
  69  10:21  Supply Depot  
  69  10:32  Command Center  
Show
View Real Time Build Order
Export as new Build Order

Serral Zerg 

Build Orders: Hatch First 

Get SALT Encoding   

  12  0:00  Drone  
  13  0:13  Overlord  
  13  0:18  Drone  
  14  0:32  Drone x2  
  16  0:49  Hatchery  
  15  0:52  Drone  
  15  0:56  Drone  
  17  0:59  Drone  
  18  1:09  Extractor  
  17  1:14  Spawning Pool  
  17  1:18  Drone  
  17  1:21  Drone  
  18  1:28  Drone  
  19  1:39  Drone  
  20  1:49  Overlord  
  20  2:00  Queen  
  20  2:01  Queen  
  24  2:02  Zergling x4  
  26  2:12  Drone x2, Metabolic Boost  
  28  2:22  Drone  
  29  2:23  Drone  
  30  2:38  Hatchery  
  30  2:41  Drone  
  30  2:47  Queen  
  32  2:52  Overlord  
  32  2:55  Drone  
  32  2:57  Drone  
  34  2:59  Drone  
  34  3:01  Drone  
  36  3:10  Pneumatized Carapace  
  36  3:11  Drone x2  
  38  3:13  Drone  
  38  3:16  Drone  
  40  3:20  Overlord  
  40  3:23  Drone  
  40  3:26  Drone  
  42  3:30  Queen  
  44  3:39  Overlord  
  44  3:41  Drone x2  
  46  3:49  Zergling x4  
  46  3:51  Queen  
  46  3:53  Drone x2  
  52  3:56  Drone x2  
  52  3:59  Zergling x2  
  52  4:02  Drone x2  
  57  4:04  Overlord  
  57  4:05  Drone x2  
  57  4:09  Queen  
  59  4:14  Overlord  
  61  4:21  Zergling x2, Drone x2  
  61  4:22  Overlord, Drone  
  61  4:23  Drone  
  66  4:29  Lair  
  66  4:31  Extractor  
  65  4:34  Zergling x2  
  65  4:35  Drone x2  
  68  4:41  Roach Warren  
  68  4:43  Overlord  
  68  4:44  Zergling x4  
  69  4:52  Queen  
  69  4:53  Queen, Drone x2  
  75  5:04  Evolution Chamber  
  73  5:10  Zergling x10  
  73  5:14  Zergling x4  
  78  5:16  Zergling x6  
  75  5:22  Roach  
  75  5:24  Roach  
  75  5:25  Roach  
  75  5:28  Roach, Queen x2  
  75  5:30  Roach  
  75  5:35  Roach x2  
  78  5:38  Roach  
  78  5:40  Roach  
  79  5:47  Roach  
  76  5:51  Roach  
  76  5:54  Roach  
  75  5:59  Roach  
  75  6:04  Queen x2  
Tags
 
Add a new tag
Caveats
  • Supply blocks, unpowered buildings, or Contaminate may cause inaccurate times.
  • Supply counts are checked every 10 seconds.